 Dungeon Crawl Stone Soup version 0.31-a0-236-g9a0961fb85 (webtiles) character file.

Game seed: 17234757882562651778

109 Cidec the Chopper (level 4, 0/33 HPs)
             Began as a Demonspawn Gladiator on July 10, 2023.
             Was an Initiate of Qazlal.
             Succumbed to a kobold's poison
             ... on level 3 of the Dungeon.
             The game lasted 00:05:10 (2264 turns).

Cidec the Chopper (Demonspawn Gladiator)            Turns: 2264, Time: 00:05:11

Health: 0/33       AC: 14    Str: 16    XL:     4   Next: 60%
Magic:  4/4        EV:  8    Int:  9    God:    Qazlal [......]
Gold:   126        SH:  0    Dex: 15    Spells: 3/3 levels left

rFire   . . .        a - +0 war axe
rCold   . . .        (no shield)
rNeg    . . .        g - +1 chain mail
rPois   .            c - +0 helmet
rElec   .            (no cloak)
rCorr   .            (no gloves)
SInv    .            (no boots)
Will    .....        (no amulet) Stlth
                     m - +4 ring of protection
HPRegen 0.25/turn    (no ring)
MPRegen 0.09/turn

%: no passive effects
@: lethally poisoned (0 -> -9), hasted, very quick
A: claws 1, ignite blood 1
a: Renounce Religion


You were on level 3 of the Dungeon.
You worshipped Qazlal.
Qazlal was noncommittal.
You visited 1 branch of the dungeon, and saw 3 of its levels.

You collected 126 gold pieces.

Inventory:

Hand Weapons
 a - a +0 war axe (weapon)
Missiles
 d - 3 throwing nets (quivered)
 e - a javelin
Armour
 b - a +0 leather armour
 c - a +0 helmet (worn)
 g - a +1 chain mail (worn)
Jewellery
 m - a +4 ring of protection (left claw)
Scrolls
 h - a scroll of fear
 k - 2 scrolls of teleportation
 n - 2 scrolls of vulnerability
Potions
 f - a potion of haste
 l - a potion of brilliance
 o - a potion of curing {unknown}


   Skills:
 - Level 2.0 Fighting
 + Level 4.9 Axes
 - Level 1.7 Throwing
 - Level 2.6 Dodging


You had 3 spell levels left.
You didn't know any spells.
Your spell library contained the following spells:

 Spells                   Type           Power      Damage    Failure   Level
 Dazzling Flash           Conj/Hex       0%         N/A       100%        3
 Volatile Blastmotes      Fire/Tloc      0%         2d10      100%        3
 Iskenderun's Mystic Bla  Conj/Tloc      0%         2d3       100%        4
 Starburst                Conj/Fire      0%         6d3       100%        6


Dungeon Overview and Level Annotations

Branches:
Dungeon (3/15)

Altars:
Qazlal

Shops:
D:1 :![?*

Annotations:
D:3 Ijyb


Innate Abilities, Weirdness & Mutations

You have sharp fingernails.
Your demonic aura sometimes causes spilled blood to erupt in flames.


Message History

You feel strangely unstable.
There is a stone staircase leading down here.
You see here an adder corpse.
Your surroundings suddenly seem different.
Found a sling.
The kobold shouts!
Found a scroll labelled FICOK AXKIC.
Found a stormy altar of Qazlal.
Found a scroll labelled SOYVEC MEKEM.
Found 6 gold pieces.
Found a whip.
Found a scroll labelled WUSTRU RUNUH.
There is a stormy altar of Qazlal here.
You kneel at the altar of Qazlal.
Qazlal welcomes you!
Qazlal grants you and your divine allies immunity to clouds.
A sky beast comes into view.
Found 5 gold pieces.
An adder comes into view.
Found a scroll of fear.
The adder hisses angrily.
The kobold throws a poisoned dart.
The poisoned dart hits you!
You are poisoned.
You feel sick.
You feel sick.
Found 18 gold pieces.
The kobold throws a poisoned dart.
The poisoned dart hits you!
You are lethally poisoned!
* * * LOW HITPOINT WARNING * * *
You feel very sick. The adder barely misses you.
* * * LOW HITPOINT WARNING * * *
You feel sick.
An ogre comes into view. It is wielding a +0 giant club.
Found a pair of boots.
* * * LOW HITPOINT WARNING * * *
You feel sick.
The ogre shouts!
You hear an angry hiss.
A frilled lizard comes into view.
The ogre moves out of view.
You die...

.. #...#.#...# #.......... ..
#........K# #...)......# ##..
##...Y....###...........##.. .
#....?............####..... .
#........?......#######...###.
#................^ #.....).#..
#...........##.# ...##....†..
...........S....# .#......#
##.......$..##@.# ...........
#..........#....$.............
#..........#O.................
..........?...................
...#...####...................
..#... #..#................ ..
... ...[l........... ....
#............... .......##


You could see an ogre, an adder, a kobold and a frilled lizard (wandering).

Vanquished Creatures
  4 adders
  2 worms (D:2)
  A dart slug (D:1)
  4 bats
  10 endoplasms
  A giant cockroach (D:3)
  6 goblins
  5 hobgoblins
  10 jackals
  5 kobolds
  A quokka (D:3)
  2 ball pythons
  4 frilled lizards
  4 rats
59 creatures vanquished.

Notes
Turn   | Place    | Note
-------+----------+-------------------------------------------
     0 | D:1      | Cidec the Demonspawn Gladiator began the quest for the Orb.
     0 | D:1      | Reached XP level 1. HP: 16/16 MP: 1/1
    12 | D:1      | Found Jeutur's Armour Emporium.
   123 | D:1      | Reached skill level 3 in Axes
   131 | D:1      | Gained mutation: You have sharp fingernails. [demonic
                  | ancestry]
   131 | D:1      | Reached XP level 2. HP: 15/22 MP: 2/2
   299 | D:1      | Found Caelace's Distillery.
   357 | D:1      | Found Olyiveij's General Store.
   420 | D:1      | Found Zualieh's Magic Scroll Shoppe.
   639 | D:1      | Found Effur's Book Shoppe.
   656 | D:1      | Gained mutation: Your demonic aura sometimes causes spilled
                  | blood to erupt in flames. [demonic ancestry]
   656 | D:1      | Reached XP level 3. HP: 17/27 MP: 3/3
  1108 | D:2      | Reached skill level 4 in Axes
  1478 | D:2      | Reached XP level 4. HP: 33/33 MP: 4/4
  2193 | D:3      | Noticed Ijyb
  2240 | D:3      | Found a stormy altar of Qazlal.
  2248 | D:3      | Became a worshipper of Qazlal Stormbringer
  2250 | D:3      | Noticed a sky beast
  2263 | D:3      | Noticed an ogre
  2263 | D:3      | HP: 1/33 [poisoned by a kobold]
  2264 | D:3      | Succumbed to a kobold's poison

Illustrated notes

Levels and vault maps discovered:
D:1:      psy_arrival_basics, layout_basic, serial_shops,
          nicolae_shop_rolled_up, shop, shop, nicolae_shop_tiny_real_fake_doors,
          nicolae_book_shop_shelving
D:2:      kennysheep_six_static_rooms, layout_basic
D:3:      layout_rooms, cheibrodos_ashenzari_chains,
          nicolae_qazlal_beasts_of_the_sky, uniq_ijyb

Skill      XL: |  1  2  3 |
---------------+----------+-----
Axes           | 3 4 |  4.9
Fighting       | |  2.0
Throwing       | |  1.7
Dodging        | |  2.6

Action                     |  1- 3 |  4- 6 || total
---------------------------+-------+-------++-------
  Melee: War axe           |   132 |    75 ||   207
    Use: Scroll            |     5 |     4 ||     9
         Potion            |       |     1 ||     1
 Armour: Leather armour    |     5 |       ||     5
         Chain mail        |    84 |    56 ||   140
  Dodge: Dodged            |    65 |    48 ||   113

Table legend: (Time is in decaauts)
 A = Elapsed time spent in this place.
 B = Non-inter-level travel time spent in this place.
 C = Inter-level travel time spent in this place.
 D = Time resting spent in this place.
 E = Time spent auto-exploring this place.
 F = Levels seen in this place.
 G = Mean time per level.
                   A        B        C        D        E       F      G
               +--------+--------+--------+--------+--------+-----+--------+
         Total |   2311 |   2198 |    113 |     49 |   1634 |   3 |  770.3 |
       Dungeon |   2311 |   2198 |    113 |     49 |   1634 |   3 |  770.3 |
               +--------+--------+--------+--------+--------+-----+--------+

Top non-repeatable levels by time:
     D:1: 1121 daAuts
     D:2: 1050 daAuts
     D:3: 138 daAuts
